TOP OF THE 1ST |
Kalamazoo Royale with Cheese batting - Pitching for Springfield Stars : LHP José López
|
Pitching: LHP José López
|
|
Batting: LHB Bill McJannett
|
0-0: Called Strike 0-1: Ball 1-1: Ball 2-1: Foul Ball, location: 2F 2-2: Strikes out swinging
|
Batting: RHB Zander Tremblett
|
0-0: Swinging Strike 0-1: Ball 1-1: Ball 2-1: Ball 3-1: Called Strike 3-2: Base on Balls
|
Batting: SHB Caden Keith
|
0-0: Ball 1-0: Ball 2-0: Ball 3-0: Base on Balls Zander Tremblett to second
|
Batting: LHB Roberto Sandoval
|
0-0: Foul Ball, location: 2F 0-1: Ball 1-1: Foul Ball, location: 2F 1-2: Foul Ball, location: 2F 1-2: Ball 2-2: Fly out, F7 (Flyball, 78S)
|
Batting: RHB Millard Boyd
|
0-0: Called Strike 0-1: SINGLE (Line Drive, 6M) Zander Tremblett to third Caden Keith to second Runner from 3rd tries for Home, SAFE, no throw
|
Batting: RHB Eugene Gill
|
0-0: Ground out 6-3 (Groundball, 56)
|
Top of the 1st over - 1 run, 1 hit, 0 errors, 2 left on base; Kalamazoo 1 - Springfield 0 |
BOTTOM OF THE 1ST |
Springfield Stars batting - Pitching for Kalamazoo Royale with Cheese : LHP Octávio Ramírez
|
Pitching: LHP Octávio Ramírez
|
|
Batting: RHB Norberto Taváres
|
0-0: Ball 1-0: Foul Ball, location: 2F 1-1: Foul Ball, location: 2F 1-2: Fly out, F9 (Flyball, 9D)
|
Batting: LHB Jesús Tobías
|
0-0: Ball 1-0: Ball 2-0: Called Strike 2-1: Foul Ball, location: 2F 2-2: Foul Ball, location: 2F 2-2: Strikes out looking
|
Batting: LHB Derek Davidson
|
0-0: Ground out U3 (Groundball, 34S)
|
Bottom of the 1st over - 0 runs, 0 hits, 0 errors, 0 left on base; Kalamazoo 1 - Springfield 0 |
TOP OF THE 2ND |
Kalamazoo Royale with Cheese batting - Pitching for Springfield Stars : LHP José López
|
Batting: LHB Doyle Otterburn
|
0-0: Ball 1-0: Ball 2-0: Ball 3-0: Called Strike 3-1: Swinging Strike 3-2: Foul Ball, location: 2F 3-2: Foul Ball, location: 2F 3-2: Strikes out swinging
|
Batting: LHB Donovan Bird
|
0-0: Ball 1-0: Called Strike 1-1: Foul Ball, location: 2F 1-2: Foul Ball, location: 2F 1-2: Ball 2-2: Strikes out swinging
|
Batting: RHB Dan Tyler
|
0-0: DOUBLE (Line Drive, 89XD)
|
Batting: LHB Bill McJannett
|
0-0: Swinging Strike 0-1: Ball 1-1: Called Strike 1-2: Ground out 6-3 (Groundball, 6)
|
Top of the 2nd over - 0 runs, 1 hit, 0 errors, 1 left on base; Kalamazoo 1 - Springfield 0 |
BOTTOM OF THE 2ND |
Springfield Stars batting - Pitching for Kalamazoo Royale with Cheese : LHP Octávio Ramírez
|
Batting: RHB Calvin Bennett
|
0-0: Called Strike 0-1: DOUBLE (Line Drive, 7D)
|
Batting: LHB Elliott Newell
|
0-0: Called Strike 0-1: Fly out, F6 (Popup, 6M)
|
Batting: RHB Juan Carlos Rodríguez
|
0-0: Foul Ball, location: 2F 0-1: Foul Ball, location: 2F 0-2: Ball 1-2: Ball 2-2: Fly out, F7 (Flyball, 7S)
|
Batting: LHB Will Hill
|
0-0: Ball 1-0: Ball 2-0: SINGLE (Groundball, 56S) (infield hit) Calvin Bennett to third
|
Batting: RHB Gabriel Erwin
|
0-0: Ball 1-0: Foul Ball, location: 2F 1-1: Fielders Choice at 2nd, 6-4 (Groundball, 6)
|
Bottom of the 2nd over - 0 runs, 2 hits, 0 errors, 2 left on base; Kalamazoo 1 - Springfield 0 |
TOP OF THE 3RD |
Kalamazoo Royale with Cheese batting - Pitching for Springfield Stars : LHP José López
|
Batting: RHB Zander Tremblett
|
0-0: Foul Ball, location: 2F 0-1: Ball 1-1: Foul Ball, location: 2F 1-2: Ball 2-2: Foul Ball, location: 2F 2-2: Foul Ball, location: 2F 2-2: Strikes out looking
|
Batting: SHB Caden Keith
|
0-0: Called Strike 0-1: Ball 1-1: Swinging Strike 1-2: Ball 2-2: Ball 3-2: Foul Ball, location: 2F 3-2: Base on Balls
|
Batting: LHB Roberto Sandoval
|
0-0: Ball 1-0: Called Strike 1-1: Ball 2-1: Ball 3-1: Foul Ball, location: 2F 3-2: SINGLE (Groundball, 56) (infield hit) Caden Keith to second
|
Batting: RHB Millard Boyd
|
0-0: Ball 1-0: Grounds into double play, 6-4-3 (Groundball, 56)
|
Top of the 3rd over - 0 runs, 1 hit, 0 errors, 1 left on base; Kalamazoo 1 - Springfield 0 |
BOTTOM OF THE 3RD |
Springfield Stars batting - Pitching for Kalamazoo Royale with Cheese : LHP Octávio Ramírez
|
Batting: LHB Roberto Trujillo
|
0-0: Ball 1-0: SINGLE (Groundball, 34D)
|
Batting: RHB Norberto Taváres
|
0-0: Called Strike 0-1: Ball 1-1: Ball 2-1: Foul Ball, location: 2F 2-2: Foul Ball, location: 2F 2-2: Ball 3-2: Grounds into double play, 6-4-3 (Groundball, 56)
|
Batting: LHB Jesús Tobías
|
0-0: Called Strike 0-1: Ball 1-1: Ball 2-1: Foul Ball, location: 2F 2-2: Foul Ball, location: 2F 2-2: Fly out, F6 (Line Drive, 6)
|
Bottom of the 3rd over - 0 runs, 1 hit, 0 errors, 0 left on base; Kalamazoo 1 - Springfield 0 |
TOP OF THE 4TH |
Kalamazoo Royale with Cheese batting - Pitching for Springfield Stars : LHP José López
|
Batting: RHB Eugene Gill
|
0-0: Ball 1-0: Swinging Strike 1-1: Ball 2-1: Swinging Strike 2-2: Foul Ball, location: 2F 2-2: Strikes out swinging
|
Batting: LHB Doyle Otterburn
|
0-0: Ball 1-0: Swinging Strike 1-1: Called Strike 1-2: Ground out U3 (Groundball, 34S)
|
Batting: LHB Donovan Bird
|
0-0: Called Strike 0-1: Foul Ball, location: 2F 0-2: Ball 1-2: Ground out 5-3 (Groundball, 5)
|
Top of the 4th over - 0 runs, 0 hits, 0 errors, 0 left on base; Kalamazoo 1 - Springfield 0 |
BOTTOM OF THE 4TH |
Springfield Stars batting - Pitching for Kalamazoo Royale with Cheese : LHP Octávio Ramírez
|
Batting: LHB Derek Davidson
|
0-0: Called Strike 0-1: Ball 1-1: Ball 2-1: Ground out 4-3 (Groundball, 4)
|
Batting: RHB Calvin Bennett
|
0-0: Ball 1-0: Ball 2-0: Ball 3-0: Called Strike 3-1: DOUBLE (Flyball, 89D)
|
Batting: LHB Elliott Newell
|
0-0: Ball 1-0: SINGLE (Line Drive, 4M) Calvin Bennett to third
|
Batting: RHB Juan Carlos Rodríguez
|
0-0: Ball 1-0: Called Strike 1-1: Ball 2-1: Fly out, F8 (Flyball, 78XD) Runner from 3rd tags up, SCORES, no throw
|
Batting: LHB Will Hill
|
0-0: Ground out 1-3 (Groundball, P)
|
Bottom of the 4th over - 1 run, 2 hits, 0 errors, 1 left on base; Kalamazoo 1 - Springfield 1 |
TOP OF THE 5TH |
Kalamazoo Royale with Cheese batting - Pitching for Springfield Stars : LHP José López
|
Batting: RHB Dan Tyler
|
0-0: Ball 1-0: Ball 2-0: Called Strike 2-1: Fly out, F6 (Line Drive, 56)
|
Batting: LHB Bill McJannett
|
0-0: Called Strike 0-1: Swinging Strike 0-2: Strikes out swinging
|
Batting: RHB Zander Tremblett
|
0-0: Ball 1-0: Ball 2-0: Foul Ball, location: 2F 2-1: DOUBLE (Line Drive, 8RXD)
|
Batting: SHB Caden Keith
|
0-0: Intentional Walk
|
Batting: LHB Roberto Sandoval
|
0-0: Ball 1-0: Called Strike 1-1: Ball 2-1: Swinging Strike 2-2: Foul Ball, location: 2F 2-2: Ball 3-2: Ground out U3 (Groundball, 34S)
|
Top of the 5th over - 0 runs, 1 hit, 0 errors, 2 left on base; Kalamazoo 1 - Springfield 1 |
BOTTOM OF THE 5TH |
Springfield Stars batting - Pitching for Kalamazoo Royale with Cheese : LHP Octávio Ramírez
|
Batting: RHB Gabriel Erwin
|
0-0: Called Strike 0-1: Ball 1-1: Ground out 6-3 (Groundball, 6)
|
Batting: LHB Roberto Trujillo
|
0-0: Ball 1-0: Ground out 4-3 (Groundball, 4D)
|
Batting: RHB Norberto Taváres
|
0-0: Ball 1-0: Swinging Strike 1-1: Ball 2-1: Foul Ball, location: 2F 2-2: Foul Ball, location: 2F 2-2: Ball 3-2: Fly out, F9 (Flyball, 89S)
|
Bottom of the 5th over - 0 runs, 0 hits, 0 errors, 0 left on base; Kalamazoo 1 - Springfield 1 |
TOP OF THE 6TH |
Kalamazoo Royale with Cheese batting - Pitching for Springfield Stars : LHP José López
|
Batting: RHB Millard Boyd
|
0-0: Ball 1-0: Fly out, F7 (Flyball, 7LSF)
|
Batting: RHB Eugene Gill
|
0-0: Called Strike 0-1: Ball 1-1: Ball 2-1: Foul Ball, location: 2F 2-2: Strikes out swinging
|
Batting: LHB Doyle Otterburn
|
0-0: Ball 1-0: Ball 2-0: Ground out U3 (Groundball, 34)
|
Top of the 6th over - 0 runs, 0 hits, 0 errors, 0 left on base; Kalamazoo 1 - Springfield 1 |
BOTTOM OF THE 6TH |
Springfield Stars batting - Pitching for Kalamazoo Royale with Cheese : LHP Octávio Ramírez
|
Batting: LHB Jesús Tobías
|
0-0: Ball 1-0: Called Strike 1-1: Foul Ball, location: 2F 1-2: Ball 2-2: Ball 3-2: Base on Balls
|
Batting: LHB Derek Davidson
|
0-0: Called Strike 0-1: Foul Ball, location: 2F 0-2: Fielders Choice at 2nd, 1-6 (Groundball, 13)
|
Batting: RHB Calvin Bennett
|
0-0: Ball 1-0: DOUBLE (Line Drive, 7LM) Derek Davidson to third
|
Batting: LHB Elliott Newell
|
0-0: Called Strike 0-1: Called Strike 0-2: Foul Ball, location: 2F 0-2: Foul Ball, location: 2F 0-2: Strikes out looking
|
Batting: RHB Juan Carlos Rodríguez
|
0-0: Called Strike 0-1: Ball Wild Pitch! Derek Davidson scores Calvin Bennett to third 1-1: Foul Ball, location: 2F 1-2: Foul Ball, location: 2F 1-2: Ball 2-2: Foul Ball, location: 2F 2-2: Foul Ball, location: 2F 2-2: Strikes out swinging
|
Bottom of the 6th over - 1 run, 1 hit, 0 errors, 1 left on base; Kalamazoo 1 - Springfield 2 |
TOP OF THE 7TH |
Kalamazoo Royale with Cheese batting - Pitching for Springfield Stars : LHP José López
|
Pitching: LHP Cristián Escobar
|
|
Batting: LHB Donovan Bird
|
0-0: Called Strike 0-1: Ball 1-1: Ball 2-1: Swinging Strike 2-2: Foul Ball, location: 2F 2-2: Ball 3-2: Foul Ball, location: 2F 3-2: Base on Balls
|
Batting: RHB Dan Tyler
|
0-0: Sac Bunt - play at first, batter OUT! 2-4 Donovan Bird to second
|
Pinch Hitting: LHB Gene Cooper
|
0-0: Ball 1-0: Ball 2-0: Called Strike 2-1: Ball 3-1: Base on Balls
|
Batting: RHB Zander Tremblett
|
0-0: Called Strike 0-1: Swinging Strike 0-2: Ball 1-2: Foul Ball, location: 2F 1-2: Ball 2-2: Foul Ball, location: 2F 2-2: Grounds into double play, 4-6-3 (Groundball, 4)
|
Top of the 7th over - 0 runs, 0 hits, 0 errors, 1 left on base; Kalamazoo 1 - Springfield 2 |
BOTTOM OF THE 7TH |
Springfield Stars batting - Pitching for Kalamazoo Royale with Cheese : LHP Octávio Ramírez
|
Pitching: RHP Josh Graham
|
|
Now at 2B: Gene Cooper
|
|
Batting: LHB Will Hill
|
0-0: Ball 1-0: Called Strike 1-1: Ground out U3 (Groundball, 3)
|
Batting: RHB Gabriel Erwin
|
0-0: SINGLE (Groundball, 34D)
|
Pitching: LHP Carlos Thomas
|
|
Batting: LHB Roberto Trujillo
|
0-0: Called Strike 0-1: Ball 1-1: Ball 2-1: Ball 3-1: Foul Ball, location: 2F 3-2: Ground out 6-3 (Groundball, 6MD) Gabriel Erwin to second
|
Pitching: RHP Armen Boyajian
|
|
Batting: RHB Norberto Taváres
|
0-0: Ball 1-0: Called Strike 1-1: Ball 2-1: SINGLE (Groundball, 56D) Gabriel Erwin to third Runner from 3rd tries for Home, SAFE, no throw
|
Batting: LHB Jesús Tobías
|
0-0: Ball 1-0: Fly out, F9 (Flyball, 9)
|
Bottom of the 7th over - 1 run, 2 hits, 0 errors, 1 left on base; Kalamazoo 1 - Springfield 3 |
TOP OF THE 8TH |
Kalamazoo Royale with Cheese batting - Pitching for Springfield Stars : LHP Cristián Escobar
|
Batting: SHB Caden Keith
|
0-0: Ball 1-0: Ball 2-0: Ball 3-0: Called Strike 3-1: Base on Balls
|
Batting: LHB Roberto Sandoval
|
0-0: Ball 1-0: Swinging Strike 1-1: Ball 2-1: Foul Ball, location: 2F 2-2: Strikes out swinging
|
Pitching: RHP José Valdéz
|
|
Batting: RHB Millard Boyd
|
0-0: Foul Ball, location: 2F 0-1: Called Strike 0-2: Ball 1-2: Strikes out looking
|
Batting: RHB Eugene Gill
|
0-0: Ball 1-0: Called Strike 1-1: Ball 2-1: Swinging Strike 2-2: Ball 3-2: Strikes out swinging
|
Top of the 8th over - 0 runs, 0 hits, 0 errors, 1 left on base; Kalamazoo 1 - Springfield 3 |
BOTTOM OF THE 8TH |
Springfield Stars batting - Pitching for Kalamazoo Royale with Cheese : RHP Armen Boyajian
|
Batting: LHB Derek Davidson
|
0-0: Called Strike 0-1: Foul Ball, location: 2F 0-2: SINGLE (Flyball, 89M)
|
Batting: RHB Calvin Bennett
|
0-0: Fly out, F3 (Popup, 3SF)
|
Batting: LHB Elliott Newell
|
0-0: Ball 1-0: Called Strike 1-1: Foul Ball, location: 2F 1-2: SINGLE (Line Drive, 4MD) Derek Davidson to second
|
Batting: RHB Juan Carlos Rodríguez
|
0-0: Fly out, F8 (Flyball, 8LD) Runner from 2nd tags up, SAFE at 3rd with throw
|
Batting: LHB Will Hill
|
0-0: Ball 1-0: Ball 2-0: Ball 3-0: Base on Balls Elliott Newell to second
|
Batting: RHB Gabriel Erwin
|
0-0: Ball 1-0: Foul Ball, location: 2F 1-1: Ball 2-1: SINGLE (Groundball, 56D) Derek Davidson scores Elliott Newell to third Will Hill to second Runner from 3rd tries for Home, SAFE, no throw
|
Pitching: RHP António Ramos
|
|
Batting: LHB Roberto Trujillo
|
0-0: Ball 1-0: Foul Ball, location: 2F 1-1: Ball 2-1: Ball 3-1: Called Strike 3-2: Foul Ball, location: 2F 3-2: Base on Balls Will Hill to third Gabriel Erwin to second
|
Batting: RHB Norberto Taváres
|
0-0: Ball 1-0: Foul Ball, location: 2F 1-1: Ball 2-1: Ground out U3 (Groundball, 34S)
|
Bottom of the 8th over - 2 runs, 3 hits, 0 errors, 3 left on base; Kalamazoo 1 - Springfield 5 |
TOP OF THE 9TH |
Kalamazoo Royale with Cheese batting - Pitching for Springfield Stars : RHP José Valdéz
|
Batting: LHB Doyle Otterburn
|
0-0: Ball 1-0: Ball 2-0: Called Strike 2-1: Swinging Strike 2-2: Foul Ball, location: 2F 2-2: Foul Ball, location: 2F 2-2: Strikes out looking
|
Batting: LHB Donovan Bird
|
0-0: Ball 1-0: Ground out 4-3 (Groundball, 4)
|
Batting: RHB Dan Tyler
|
0-0: Foul Ball, location: 2F 0-1: Swinging Strike 0-2: Ball 1-2: Ball 2-2: Strikes out swinging
|
Top of the 9th over - 0 runs, 0 hits, 0 errors, 0 left on base; Kalamazoo 1 - Springfield 5 |
|